 Dungeon Sprint DCSS version 0.31-a0-662-g684573625c (webtiles) character file.

Game seed: 12171851878269171854

51 sircluck the Ruffian (level 3, 0/39 HPs)
             Began as a Troll Berserker on Aug 31, 2023.
             Was a Priest of Trog.
             Slain by a water elemental (15 damage)
             ... in the Dungeon (Sprint III: "The Ten Rune Challenge").
             The game lasted 00:00:30 (298 turns).

sircluck the Ruffian (Troll Berserker)               Turns: 298, Time: 00:00:31

Health: 0/39       AC:  4    Str: 27    XL:     3   Next: 58%
Magic:  2/2        EV: 10    Int:  3    God:    Trog [***...]
Gold:   29         SH:  0    Dex:  9    Spells: 2/2 levels left

rFire   . .          .
                       - Unarmed
rCold   . . .        (no shield)
rNeg    . . .        a - +0 animal skin
rPois   .            (helmet restricted)
rElec   .            (no cloak)
rCorr   .            (gloves unavailable)
SInv    .            (boots unavailable)
Will    .....        (no amulet)
Stlth   +            (no ring)
HPRegen 1.06/turn    (no ring)
MPRegen 0.08/turn

%: no teleportation
@: engulfed (cannot breathe)
A: large, unfitting armour, claws 3, regeneration 1, shaggy fur 1, tough skin 1,
evolution 1
a: Renounce Religion, Berserk, Trog's Hand


You were in the Dungeon.
You worshipped Trog.
Trog was most pleased with you.
You visited 1 branch You collected 29 gold pieces.

Inventory:

Armour
 a - a +0 animal skin (worn)
Scrolls
 g - 2 scrolls of blinking
 i - a scroll of torment {unknown}
 j - a scroll of identify {unknown}
 m - a scroll of immolation {unknown}
Potions
 b - a potion of curing
 c - a potion of heal wounds
 d - a potion of haste
 e - 2 potions of magic
 f - a potion of berserk rage
 h - 3 potions of mutation
 k - a potion of might {unknown}
 l - 4 potions of enlightenment


   Skills:
 + Level 4.2 Fighting
 + Level 4.1 Dodging
 + Level 5.0 Unarmed Combat


You had 2 spell levels left.
You didn't know any spells.
Your spell library was empty.

Dungeon Overview and Level Annotations

Branches:
Dungeon (1/1)

Altars:


Innate Abilities, Weirdness & Mutations

You are too large for most types of armour.
You have claws for hands.
Your natural rate of healing is unusually fast.
You are covered in fur. (AC +1)
You have tough skin. (AC +1)
You have hidden genetic potential.


Message History

There is an open door here.
You now have 11 gold pieces.
h - 2 lumpy green potions (gained 1);
i - a scroll labelled KAXULE QULUTI
j - a scroll labelled UGOZUC KAHA;
k - a bubbling clear potion
l - 2 potions of enlightenment
h - 3 lumpy green potions (gained 1);
m - a scroll labelled MEOKUIHORY
g - 2 scrolls of blinking (gained 1);
h - 4 lumpy green potions (gained 1)
l - 4 potions of enlightenment (gained 2)
You now have 29 gold pieces (gained 18).
It was a potion of mutation.
You feel extremely strange.
You feel less energetic.
You feel more energetic.
You feel a hidden potential growing inside you.
There is an open door here.
You start resting.
Magic restored.
You enter the shallow water.
You start waiting.
Done waiting.
You enter the shallow water.
You start waiting.
Done waiting.
You open the door.
A water elemental comes into view.
There is an open door to the Ecumenical Temple here.
You scratch the water elemental.
The water elemental is lightly damaged.
The water elemental hits you.
You mangle the water elemental!!
The water elemental is severely damaged.
The water elemental hits you!
The water elemental engulfs you in water!
You scratch the water elemental but do no damage.
The water elemental is severely damaged.
Your lungs strain for air!
The water elemental barely misses you.
You scratch the water elemental.
The water elemental is severely damaged.
Your lungs strain for air!
The water elemental hits you!
You die...

▓▓▓▓▓▓▓▓▓ ▓▓▓
.#..'...♣♣♣♣ ♣.#
.#..#....♣.♣ ♣♣.#
'####.....♣ ♣..#
....#....~♣♣♣♣♣.###+#+##
....#...~~♣♣.♣..#.......
....#..~~~~..♣♣.@.⌠.....
###'#..~≈≈~~~♣..#E..####
.)..#.~~≈~~~....#.⌠.#
....#.~≈~~~.....#...#
....#.~~~.......#+###
#####...........#
................#
▓▓▓▓▓▓▓▓▓▓▓▓▓▓▓▓▓


You could see a water elemental.

Vanquished Creatures
  Jessica (D)
  A human (D)
  A phantom (D)
  An endoplasm (D)
  2 rats (D)
6 creatures vanquished.

Notes
Turn   | Place    | Note
-------+----------+-------------------------------------------
     0 | D        | sircluck the Troll Berserker began the quest for the Orb.
     0 | D        | Reached XP level 1. HP: 22/22 MP: 0/0
    11 | D        | Noticed Jessica
    13 | D        | Reached ** piety under Trog
    15 | D        | Killed Jessica
    16 | D        | Reached skill level 4 in Unarmed Combat
    16 | D        | Reached XP level 2. HP: 32/32 MP: 1/1
    16 | D        | Reached XP level 3. HP: 39/39 MP: 2/2
    46 | D        | Reached *** piety under Trog
    47 | D        | Reached skill level 5 in Unarmed Combat
    62 | D        | Gained mutation: Your magical capacity is low. (-10% MP)
                  | [potion of mutation]
    62 | D        | Lost mutation: Your magical capacity is low. (-10% MP)
                  | [potion of mutation]
    62 | D        | Gained mutation: You have hidden genetic potential. [potion
                  | of mutation]
   293 | D        | Noticed a water elemental
   298 | D        | Slain by a water elemental

Illustrated notes

Levels and vault maps discovered:
D:        dungeon_sprint_mu [sprint_mu_entry_forest, sprint_mu_temple_rooms,
          sprint_mu_d1_spiders, sprint_mu_d2_genie, sprint_mu_d3_branching,
          sprint_mu_orc_legion, sprint_mu_elf_gauntlet, sprint_mu_hive_nellie,
          sprint_mu_lair_fedhas, sprint_mu_vaults_butterflies,
          sprint_mu_slime_circle, sprint_mu_shoals_archi,
          sprint_mu_snake_twists, sprint_mu_blade_basic,
          sprint_mu_crypt_chambers, sprint_mu_tomb_spiral,
          sprint_mu_vestibule_basic, sprint_mu_gehenna_hellfire,
          sprint_mu_dis_giant, sprint_mu_tartarus_statrot,
          sprint_mu_cocytus_islands, sprint_mu_zot1]

Skill      XL: |  1  2  3 |
---------------+----------+-----
Fighting       | 3 4 |  4.2
Dodging        | 3 4 |  4.1
Unarmed Combat | 4 5 |  5.0

Action                     || total
---------------------------++-------
  Melee: Unarmed           ||    17
    Use: Potion            ||     1
 Armour: Animal skin       ||     9
  Dodge: Dodged            ||     5

Table legend: (Time is in decaauts)
 A = Elapsed time spent in this place.
 B = Non-inter-level travel time spent in this place.
 C = Inter-level travel time spent in this place.
 D = Time resting spent in this place.
 E = Time spent auto-exploring this place.
 F = Levels seen in this place.
 G = Mean time per level.
                   A        B        C        D        E       F      G
               +--------+--------+--------+--------+--------+-----+--------+
         Total |    296 |    296 |      0 |    204 |     13 |   1 |  296.0 |
       Dungeon |    296 |    296 |      0 |    204 |     13 |   1 |  296.0 |
               +--------+--------+--------+--------+--------+-----+--------+

Top non-repeatable levels by time:
       D: 296 daAuts
